 Dungeon Crawl Stone Soup version 0.31.0-11-ge490571c62 (webtiles) character file.

Game seed: 17687731539138118281

310508 Strat the Eclecticist (level 20, 0/144 HPs)
             Began as a Red Draconian Alchemist on Feb 4, 2024.
             Was a High Priest of Sif Muna.
             Shot with an arrow by a centaur warrior (5 damage)
             ... on level 4 of the Vaults.
             The game lasted 03:43:48 (68982 turns).

Strat the Eclecticist (Red Draconian Alchemist)    Turns: 68982, Time: 03:43:49

Health: 0/144      AC: 21    Str: 12    XL:     20   Next: 40%
Magic:  28/53      EV: 15    Int: 23    God:    Sif Muna [*****.]
Gold:   639        SH:  4    Dex: 10    Spells: 15/59 levels left

rFire   + . .        a - +1 dagger (elec)
rCold   + + .        M - +0 buckler
rNeg    . . .        (body armour unavailable)
rPois   +            Q - +2 hat
rElec   .            E - +2 cloak {rPois}
rCorr   .            k - +2 pair of gloves
SInv    .            s - +2 pair of boots
Will    ++...        e - amulet of faith
Stlth   +            g - ring of willpower
HPRegen 0.44/turn    t - ring "Luaxaotyts" {rC+ MP+9 Slay+3}
MPRegen 0.33/turn

%: clarity, faith
@: radiating poison, contaminated, glowing, very slow
A: breathe fire, AC +10, unfitting armour, fire resistance 1, cold-blooded,
clarity, clumsy 1, cold resistance 1, frail 2
}: 2/15 runes: decaying, gossamer
a: Breathe Fire, Renounce Religion, Channel Magic, Forget Spell, Divine Exegesis


You were on level 4 of the Vaults.
You worshipped Sif Muna.
Sif Muna was extremely pleased with you.
You visited 9 branches of the dungeon, and saw 39 of its levels.
You visited the Abyss 1 time.
You also visited: Volcano and Wizlab.

You collected 3720 gold pieces.
You spent 3081 gold pieces at shops.

Inventory:

Hand Weapons
 a - a +1 dagger of electrocution (weapon)
 G - a +3 scimitar of flaming
 R - a +3 eveningstar of protection
Missiles
 q - 12 curare-tipped darts
 K - 2 throwing nets
Armour
 k - a +2 pair of gloves (worn)
 s - a +2 pair of boots (worn)
 E - a +2 cloak of poison resistance (worn)
 M - a +0 buckler (worn)
 Q - a +2 hat (worn)
Magical Staves
 b - a staff of alchemy
Jewellery
 c - a ring of wizardry
 e - an amulet of faith (around neck)
 g - a ring of willpower (left hand)
 o - a ring of magical power
 t - the ring "Luaxaotyts" (right hand) {rC+ MP+9 Slay+3}
   (You bought it in a shop on level 4 of the Dungeon)

   [ring of protection from cold]

   Slay+3:    It affects your accuracy & damage with ranged weapons and melee
   (+3).
   rC+:       It protects you from cold.
   MP+9:      It affects your magic capacity (+9).
 x - an amulet of magic regeneration
 A - a ring of flight
 W - a ring of resist corrosion
Wands
 h - a wand of flame (63)
 i - a wand of acid (7)
 p - a wand of roots (72)
 w - a wand of polymorph (33)
 y - a wand of mindburst (28)
 X - a wand of charming (24)
Scrolls
 l - 8 scrolls of immolation
 n - 7 scrolls of enchant weapon
 v - a scroll of brand weapon
 F - 2 scrolls of silence
 I - 4 scrolls of teleportation
 L - 23 scrolls of identify
 N - 6 scrolls of vulnerability
 O - 2 scrolls of enchant armour
 P - 6 scrolls of poison
 S - 2 scrolls of amnesia
 Y - 2 scrolls of fog
Potions
 d - a potion of lignification
 j - 5 potions of might
 m - 7 potions of ambrosia
 u - a potion of mutation
 z - 8 potions of brilliance
 C - 6 potions of enlightenment
 D - 3 potions of berserk rage
 J - 8 potions of haste
 U - 3 potions of attraction
 Z - 2 potions of resistance
Miscellaneous
 H - a condenser vane
 T - a lightning rod (4/4)
 V - a phial of floods


   Skills:
 + Level 15.7 Fighting
 - Level 11.0 Dodging
 - Level 6.0 Stealth
 - Level 4.0 Shields
 + Level 20.0 Spellcasting
 + Level 11.3 Conjurations
 - Level 3.0 Hexes
 + Level 14.2 Fire Magic
 - Level 8.0 Air Magic
 - Level 12.0 Alchemy
 + Level 14.3 Invocations


You had 15 spell levels left.
You knew the following spells:

 Your Spells              Type           Power      Damage    Failure   Level
a - Plasma Beam           Fire/Air       32%        2x1d45    4%          6
b - Starburst             Conj/Fire      35%        6d10      2%          6
c - Mephitic Cloud        Conj/Alch/Air  63%        N/A       1%          3
d - Olgreb's Toxic Radia  Alch           67%        N/A       1%          4
e - Sticky Flame          Fire/Alch      70%        2d11      1%          4
f - Apportation           Tloc           46%        N/A       2%          1
g - Swiftness             Air            56%        N/A       1%          3
h - Yara's Violent Unrav  Hex/Alch       27%        3d12      3%          5
i - Irradiate             Conj/Alch      33%        3d22      1%          5
j - Fireball              Conj/Fire      35%        3d15      1%          5
k - Blink                 Tloc           46%        N/A       4%          2

Your spell library contained the following spells:

 Spells                   Type           Power      Damage    Failure   Level
 Foxfire                  Conj/Fire      100%       2x1d9     0%          1
 Scorch                   Fire           100%       2d9       0%          2
 Kiss of Death            Conj/Necr      100%       2d13      1%          1
 Magic Dart               Conj           100%       1d8       1%          1
 Shock                    Conj/Air       100%       1d9       1%          1
 Slow                     Hex            100%       N/A       1%          1
 Sting                    Conj/Alch      100%       1d9       1%          1
 Cigotuvi's Dreadful Rot  Necr/Alch/Air  100%       N/A       1%          2
 Jinxbite                 Hex            72%        N/A       1%          2
 Mercury Vapours          Alch/Air       100%       N/A       1%          2
 Searing Ray              Conj           100%       2d8       1%          2
 Static Discharge         Conj/Air       100%       3-8/arc   1%          2
 Dazzling Flash           Conj/Hex       100%       N/A       1%          3
 Hailstorm                Conj/Ice       49%        3d10      1%          3
 Inner Flame              Hex/Fire       58%        N/A       1%          3
 Stone Arrow              Conj/Erth      98%        3d13      1%          3
 Volatile Blastmotes      Fire/Tloc      100%       2d18      1%          3
 Airstrike                Air            28%        2d(4-20)  1%          4
 Flame Wave               Conj/Fire      70%        2d16      1%          4
 Fulminant Prism          Conj/Alch      33%        3d16      1%          4
 Ignite Poison            Fire/Alch      70%        N/A       1%          4
 Summon Blazeheart Golem  Fire/Summ      54%        N/A       1%          4
 Alistair's Intoxication  Alch           44%        N/A       1%          5
 Arcjolt                  Conj/Air       30%        1d40      1%          5
 Iskenderun's Battlesphe  Conj           66%        2d12      1%          5
 Necrotise                Necr           92%        1d8       2%          1
 Ensorcelled Hibernation  Hex/Ice        58%        N/A       2%          2
 Confusing Touch          Hex            36%        N/A       2%          3
 Sigil of Binding         Hex            36%        N/A       2%          3
 Tukima's Dance           Hex            36%        N/A       2%          3
 Brom's Barrelling Bould  Conj/Erth      49%        2d7       2%          4
 Iskenderun's Mystic Bla  Conj/Tloc      49%        2d11      2%          4
 Leda's Liquefaction      Alch/Erth      25%        N/A       2%          4
 Petrify                  Alch/Erth      50%        N/A       2%          4
 Eringya's Noxious Bog    Alch           33%        4d6       3%          6
 Call Imp                 Summ           46%        N/A       4%          2
 Summon Lightning Spire   Summ/Air       41%        N/A       5%          4
 Vhi's Electric Charge    Tloc/Air       82%        N/A       5%          4
 Freezing Cloud           Conj/Ice/Air   25%        6-21      5%          5
 Cause Fear               Hex            18%        N/A       8%          4
 Silence                  Hex/Air        24%        N/A       8%          5
 Conjure Ball Lightning   Conj/Air       30%        3x3d10    8%          6
 Call Canine Familiar     Summ           23%        N/A       9%          3
 Frozen Ramparts          Ice            46%        1d7       9%          3
 Fugue of the Fallen      Necr           23%        N/A       9%          3
 Ozocubu's Armour         Ice            23%        N/A       9%          3
 Passwall                 Erth           23%        N/A       9%          3
 Summon Ice Beast         Ice/Summ       23%        N/A       9%          3
 Vampiric Draining        Necr           23%        2d7       9%          3
 Anguish                  Hex/Necr       14%        N/A       14%         4
 Dimensional Bullseye     Hex/Tloc       14%        N/A       14%         4
 Orb of Destruction       Conj           33%        9d10      22%         7
 Animate Dead             Necr           23%        N/A       26%         4
 Dispel Undead            Necr           23%        3d12      26%         4
 Martyr's Knell           Necr/Summ      23%        N/A       26%         4
 Passage of Golubria      Tloc           23%        N/A       26%         4
 Sculpt Simulacrum        Ice/Alch       25%        N/A       34%         6
 Metabolic Englaciation   Hex/Ice        14%        N/A       38%         5
 Summon Mana Viper        Hex/Summ       29%        N/A       38%         5
 Bombard                  Conj/Erth      24%        9d5       38%         6
 Borgnjor's Vile Clutch   Necr/Erth      11%        N/A       58%         5
 Curse of Agony           Necr           23%        N/A       58%         5
 Lee's Rapid Deconstruct  Erth           11%        3d8*      58%         5
 Summon Forest            Summ/Tloc      11%        N/A       58%         5
 Spellforged Servitor     Conj/Summ      24%        N/A       92%         7
 Death Channel            Necr           11%        N/A       99%         6
 Enfeeble                 Hex            18%        N/A       100%        7
 Haunt                    Necr/Summ      11%        N/A       100%        7
 Malign Gateway           Summ/Tloc      11%        N/A       100%        7
 Ozocubu's Refrigeration  Ice            11%        4d10      100%        7
 Summon Hydra             Summ           11%        N/A       100%        7
 Borgnjor's Revivificati  Necr           11%        N/A       100%        8
 Infestation              Necr           11%        N/A       100%        8
 Lehudib's Crystal Spear  Conj/Erth      24%        10d7      100%        8
 Maxwell's Capacitive Co  Air            28%        ∞         100%        8
 Chain Lightning          Conj/Air       30%        3d40      100%        9
 Death's Door             Necr           11%        N/A       100%        9
 Fire Storm               Conj/Fire      35%        8d9       100%        9
 Polar Vortex             Ice            11%        12d1*     100%        9
 Shatter                  Erth           11%        3d12*     100%        9


Dungeon Overview and Level Annotations

Branches:
Dungeon (15/15)            Temple (1/1) D:5            Lair (5/5) D:8
  Swamp (4/4) Lair:2       Spider (4/4) Lair:3        Slime (0/5) Lair:5
    Orc (2/2) D:9             Elf (3/3) Orc:2        Vaults (4/5) D:14
  Crypt (0/3) Vaults:3     Depths (1/4) D:15        Volcano (visited)
 WizLab (visited)

Altars:
Ashenzari
Cheibriados
Dithmenos
Elyvilon
Fedhas
Gozag
Hepliaklqana
Kikubaaqudgha
Makhleb
Nemelex Xobeh
Okawaru
Qazlal
Ru
Sif Muna
Trog
Uskayaw
Vehumet
Wu Jian
Xom
Yredelemnul
Zin
The Shining One
Jiyva

Shops:
D:4 =   D:12 !   D:13 *   Orc:1 ?   Orc:2 ?!**   Elf:1 ?   Vaults:1 *

Annotations:
Lair:3 exclusion: 3 oklob plants
Lair:4 2 transporters, 1 runed translucent door, CougarLife's ghost, journeyman TrFi
Elf:2 Roxanne
Vaults:4 Bai Suzhen; Margery


Innate Abilities, Weirdness & Mutations

You can breathe blasts of fire.
Your fiery red scales are hard. (AC +10)
You cannot fit into any form of body armour.
Your flesh is heat resistant. (rF+)
You are cold-blooded and may be slowed by cold attacks.
You possess an exceptional clarity of mind.
You are clumsy. (Dex -2)
Your flesh is cold resistant. (rC+)
You are very frail. (-20% HP)


Message History

* * * LOW HITPOINT WARNING * * *
The centaur warrior wields a +2 orcbow of freezing.
It is covered in frost.
The centaur warrior shoots an arrow.
The arrow misses you.
The centaur warrior unwields a +0 trident.
The centaur warrior wields a +0 shortbow.
The centaur warrior shoots an arrow.
The arrow hits you.
* * * LOW HITPOINT WARNING * * *
The centaur warrior shoots an arrow.
The arrow hits you!
* * * LOW HITPOINT WARNING * * *
Casting: Starburst (dangerous; 2% risk of failure)
Confirm with . or Enter, or press ? or * to list all spells.
Casting: Starburst (dangerous; 2% risk of failure)
Press: ? - help, Dir - look around, f - activate
Okay, then.
Casting: Starburst (dangerous; 2% risk of failure)
Confirm with . or Enter, or press ? or * to list all spells.
You begin to radiate toxic energy.
The centaur warrior is poisoned. x3
The centaur warrior looks even sicker. x2
The centaur warrior unwields a +2 orcbow of freezing.
The centaur warrior hits you but does no damage.
The centaur warrior kicks you but does no damage.
Casting: Olgreb's Toxic Radiance (safe; 1% risk of failure)
Confirm with . or Enter, or press ? or * to list all spells.
Casting: Plasma Beam (dangerous; 4% risk of failure)
Press: ? - help, Dir - look around, f - activate Look: a centaur warrior, wielding a +0 shortbow (purple smoke, severely wounded, very poisoned, 2x74% to hit)
The bolt of lightning hits the centaur warrior but does no damage.
The centaur warrior is severely wounded.
The bolt of lightning hits the centaur warrior!!
You kill the centaur warrior!
Sif Muna accepts your kill.
The fiery plasma hits the centaur warrior!!
You kill the centaur warrior!
Sif Muna accepts your kill.
The centaur warrior looks even sicker.
You hear a shout! x2; You hear two shouts!
You hear a horrible gurgling sound!
The centaur warrior shoots an arrow.
You block the arrow.
The centaur warrior shoots an arrow.
The arrow hits you.
You die...

***** *,,,*
,,,,*********
,,,,*,,,,,,,*
,,,,*,,,,,,,*
*****,,,,,,,*
#...+,,,,,,,*
#####
....#,,,,,,,*
####§§.####
####
....*,,,,,,,*
#§@§c§.⌠~~#
#...
...,*********
#§##§§.##~#
##.. .#***
#§~~§§~~~~#
### ##. +*,,*
####~.~####
#.###.. *,,,*
#~.~# #..#...
,,,,* #~.~#
#...... ,,,,*
#~p~# #......
+**** #8.8#
##....# ,,***
#...# ##....


You could see a centaur warrior (very poisoned).

Vanquished Creatures
  Arachne (Spider:2)
  Rupert (Lair:5)
  3 tentacled monstrosities
  Jorgrun (D:13)
  A sphinx (Vaults:4)
  Gastronok (Lair:1)
  2 thorn hunters (Swamp:4)
  2 tengu reavers
  A fire giant (Vaults:2)
  4 fenstrider witches (Swamp:4)
  4 deep elf sorcerers
  10 vault wardens
  Louise (D:14)
  6 emperor scorpions (Spider:4)
  A deep elf elementalist (Elf:3)
  2 ghost moths (Spider:3)
  11 ironbound preservers
  A broodmother (Spider:2)
  A stone giant (Vaults:2)
  A very ugly thing (Abyss:3)
  5 ironbound thunderhulks
  2 deep elf death magi (Elf:3)
  2 deep elf demonologists
  Nessos (D:13)
  4 eleionomae
  A war gargoyle (Vaults:2)
  2 deep elf annihilators
  2 spark wasps
  A bunyip (Swamp:3)
  6 dire elephants
  Azrael (Spider:3)
  An ettin (D:15)
  A crystal guardian (Vaults:2)
  A green death (Swamp:4)
  2 entropy weavers
  A fire dragon (Depths:1)
  2 shambling mangroves (Swamp:4)
  6 yaktaur captains
  A deep elf high priest (Elf:3)
  7 great orbs of eyes
  5 vault guards
  A hell beast (Swamp:4)
  2 spriggan air magi
  9 hydras
  6 ogre magi
  2 radroaches
  6 ironbound frosthearts
  13 alligators
  2 peacekeepers (Vaults:2)
  3 ghost crabs
  18 two-headed ogres
  14 centaur warriors
  2 death knights (Vaults:3)
  4 boulder beetles
  12 dancing weapons
  8 death yaks
  3 tengu warriors
  2 thrashing horrors (Abyss:3)
  Urug (Lair:4)
  4 occultists
  8 demonic crawlers
  An orc high priest (Orc:1)
  A soul eater (Swamp:4)
  8 deep elf knights
  A spriggan berserker (Swamp:4)
  Sonja (Lair:3)
  4 pharaoh ants
  2 sixfirhies (Swamp:4)
  2 wretched stars (Abyss:3)
  9 goliath frogs
  4 skeletal warriors (D:14)
  A shadow wraith (Vaults:3)
  A fire crab (Volcano)
  4 large abominations (Abyss:3)
  27 deep trolls
  5 spriggan druids
  A sun moth (Spider:4)
  3 bog bodies
  4 swamp dragons
  12 orb spiders
  4 arcanists
  15 deep elf archers
  A necromancer (Vaults:1)
  24 deep elf zephyrmancers
  4 lindwurms (Vaults:2)
  9 ironbound convokers
  12 harpies
  3 wolf spider zombies (D:14)
  2 orc knights
  16 wolf spiders
  13 steelbarb worms
  3 orc sorcerers
  20 ugly things
  6 will-o-the-wisps
  30 deep elf pyromancers
  2 salamanders (Volcano)
  3 cyclopes
  2 manticores (D:15)
  2 moths of wrath
  11 elephants
  4 meliai
  A kobold blastminer (Orc:2)
  2 centaur zombies (D:14)
  4 black mambas
  A smoke demon (Swamp:4)
  24 cane toads
  Joseph (Lair:1)
  6 vault sentinels
  An orange demon (Swamp:4)
  A gargoyle (D:13)
  4 torpor snails
  16 komodo dragons
  4 unseen horrors
  Jeremiah (Lair:1)
  4 kobold demonologists
  19 yaktaurs
  A freezing wraith (D:13)
  2 rime drakes (Lair:5)
  A tengu conjurer (D:15)
  An ancient zyme (Abyss:3)
  14 tyrant leeches
  10 hornets
  A polar bear (D:10)
  3 trolls
  A blink frog (shapeshifter) (D:14)
  18 tarantellas
  35 blink frogs
  9 slime creatures
  An air elemental (Elf:3)
  38 jumping spiders
  15 culicivoras
  Sigmund (D:2)
  A shadow (D:9)
  A vampire (D:14)
  4 water elementals
  A ynoxinul (Abyss:3)
  21 yaks
  7 spriggans
  9 fire elementals
  2 wargs
  A steam dragon (D:6)
  2 wraiths
  4 basilisks
  5 wyverns
  2 golden eyes
  A neqoxec (Abyss:3)
  43 redbacks
  2 chaos spawn (Swamp:4)
  15 vampire mosquitoes
  21 swamp worms
  14 water moccasins
  4 hell hounds
  5 swamp drakes
  16 orc warriors
  3 laughing skulls (Abyss:3)
  8 ice beasts
  5 small abominations
  30 ogres
  13 wolves
  3 boggarts (Vaults:1)
  11 centaurs
  7 kobold brigands
  Blork the orc (Orc:2)
  3 weeping skulls
  19 bullfrogs
  2 gnoll sergeants
  An earth elemental (Elf:2)
  7 wights
  A killer bee (shapeshifter) (D:15)
  3 electric eels
  A crimson imp (Orc:2)
  3 howler monkeys (D:11)
  4 bombardier beetles
  2 jellies
  13 orc priests
  2 gnoll boudas
  2 hounds (D:5)
  An iron imp (Orc:2)
  6 iguanas
  A sleepcap (D:5)
  21 orc wizards
  A boggart zombie (D:14)
  6 hell rats (Lair:5)
  2 hound zombies (D:4)
  3 hound skeletons (D:4)
  21 gnolls
  8 adders
  3 shadow imps
  5 white imps
  2 adder zombies (D:4)
  2 adder skeletons (D:4)
  2 dart slugs (D:1)
  61 orcs
  10 ball pythons
  6 endoplasms
  4 giant cockroaches
  5 goblins
  4 hobgoblins
  3 jackals (D:3)
  20 kobolds
  2 quokkas
  5 bats
  7 frilled lizards
  3 rats
  A spectral orc (D:14)
  A lurking horror (Abyss:3)
1287 creatures vanquished.

Vanquished Creatures (collateral kills)
  A gnoll (D:5)
1 creature vanquished.

Vanquished Creatures (others)
  A fenstrider witch (Swamp:4)
  An ogre mage (Swamp:4)
  A deep elf zephyrmancer (Elf:1)
  A bloated husk (Swamp:4)
  A water elemental (Elf:3)
  A chaos spawn (Swamp:4)
  An orc (Orc:2)
  17 foxfires
24 creatures vanquished.

Grand Total: 1312 creatures vanquished

Notes
Turn   | Place    | Note
-------+----------+-------------------------------------------
     0 | D:1      | Strat the Draconian Alchemist began the quest for the Orb.
     0 | D:1      | Reached XP level 1. HP: 14/14 MP: 3/3
   316 | D:1      | Reached XP level 2. HP: 20/20 MP: 1/5
   636 | D:1      | Learned a level 2 spell: Mercury Vapours
   800 | D:1      | Reached XP level 3. HP: 26/26 MP: 4/6
  1230 | D:2      | Learned a level 3 spell: Mephitic Cloud
  1378 | D:2      | Noticed Sigmund
  1988 | D:2      | Reached XP level 4. HP: 32/33 MP: 1/7
  2252 | D:2      | Killed Sigmund
  2253 | D:2      | Reached skill level 3 in Spellcasting
  2253 | D:2      | Reached skill level 5 in Alchemy
  2253 | D:2      | Reached XP level 5. HP: 38/38 MP: 3/9
  2397 | D:3      | Reached XP level 6. HP: 45/45 MP: 2/10
  2655 | D:3      | Learned a level 4 spell: Olgreb's Toxic Radiance
  3280 | D:4      | Found Hesuebel's Jewellery Emporium.
  3376 | D:4      | Found a sand-covered staircase.
  3824 | D:4      | Found a broken altar of Ashenzari.
  4308 | D:4      | Your scales start taking on a fiery red colour.
  4308 | D:4      | Reached XP level 7. HP: 46/50 MP: 12/12
  4308 | D:4      | Gained mutation: Your flesh is heat resistant. (rF+) [Red
                  | Draconian growth]
  4428 | D:5      | Entered Level 5 of the Dungeon
  4492 | D:5      | Reached skill level 4 in Spellcasting
  4541 | D:5      | Learned a level 4 spell: Sticky Flame
  5024 | D:5      | Reached XP level 8. HP: 57/57 MP: 13/15
  5200 | D:5      | Reached skill level 5 in Spellcasting
  5214 | D:5      | Found a staircase to the Ecumenical Temple.
  5223 | Temple   | Entered the Ecumenical Temple
  5238 | Temple   | Became a worshipper of Sif Muna the Loreminder
  5969 | D:6      | Reached skill level 1 in Fighting
  5969 | D:6      | Reached skill level 1 in Fire Magic
  6277 | D:7      | Found an ancient bone altar of Kikubaaqudgha.
  6387 | D:7      | Noticed a two-headed ogre
  6418 | D:7      | Killed a two-headed ogre
  6419 | D:7      | Reached skill level 5 in Fighting
  6419 | D:7      | Reached XP level 9. HP: 71/74 MP: 8/16
  6462 | D:7      | Learned a level 1 spell: Apportation
  6466 | D:7      | Learned a level 3 spell: Swiftness
  6554 | D:7      | Reached * piety under Sif Muna
  6556 | D:7      | Found a shadowy altar of Dithmenos.
  7085 | D:8      | Found a white marble altar of Elyvilon.
  7096 | D:8      | Found a blossoming altar of Fedhas.
  7156 | D:8      | Reached skill level 10 in Alchemy
  7189 | D:8      | Found a staircase to the Lair.
  7190 | D:8      | Noticed a komodo dragon
  7227 | D:8      | Killed a komodo dragon
  7478 | D:8      | Reached skill level 6 in Spellcasting
  7487 | D:8      | Noticed a two-headed ogre
  7498 | D:8      | Killed a two-headed ogre
  7605 | D:8      | Reached XP level 10. HP: 65/86 MP: 15/20
  7998 | D:8      | Reached skill level 7 in Spellcasting
  8229 | D:9      | Found a staircase to the Orcish Mines.
  8256 | D:9      | Reached ** piety under Sif Muna
  8949 | D:9      | Learned a level 5 spell: Yara's Violent Unravelling
  9360 | D:10     | Entered Level 10 of the Dungeon
  9362 | D:10     | Noticed a two-headed ogre
  9378 | D:10     | Killed a two-headed ogre
  9379 | D:10     | Reached skill level 1 in Hexes
  9413 | D:10     | Reached skill level 8 in Spellcasting
  9431 | D:10     | Noticed a sun demon
  9579 | D:10     | Reached *** piety under Sif Muna
  9705 | D:10     | Found a sacrificial altar of Ru.
 10025 | D:10     | Reached XP level 11. HP: 81/97 MP: 17/23
 10085 | D:10     | Found a burning altar of Makhleb.
 10353 | D:11     | Noticed a two-headed ogre
 10372 | D:11     | Killed a two-headed ogre
 10684 | D:11     | Noticed a two-headed ogre
 10688 | D:11     | Killed a two-headed ogre
 10869 | D:11     | Reached skill level 10 in Fighting
 10945 | D:11     | Reached skill level 9 in Spellcasting
 11444 | D:12     | Noticed a two-headed ogre
 11452 | D:12     | Killed a two-headed ogre
 11528 | D:12     | Noticed a deep elf zephyrmancer
 11541 | D:12     | Killed a deep elf zephyrmancer
 11593 | D:12     | Noticed a deep elf pyromancer
 11606 | D:12     | Killed a deep elf pyromancer
 11670 | D:12     | Got the Anthology of Plaster Cramp
 11672 | D:12     | Noticed an occultist
 11676 | D:12     | Noticed an occultist
 11685 | D:12     | Killed an occultist
 11831 | D:12     | Found Luchof's Distillery.
 11861 | D:12     | Bought a potion of haste for 110 gold pieces
 12042 | D:12     | Noticed a deep elf pyromancer
 12053 | D:12     | Killed a deep elf pyromancer
 12054 | D:12     | Reached skill level 10 in Spellcasting
 12323 | D:12     | Killed an occultist
 12324 | D:12     | Reached skill level 1 in Air Magic
 12795 | D:12     | Got the Directory of Axaxaxas mlö
 12859 | D:12     | Identified the +2 robe of the Soldier {*Slow Str+2 Int+6}
 13152 | D:13     | Noticed a sun demon
 13276 | D:13     | Noticed a centaur warrior
 13291 | D:13     | Killed a centaur warrior
 13292 | D:13     | Reached skill level 5 in Conjurations
 13292 | D:13     | Reached XP level 12. HP: 106/106 MP: 18/26
 13293 | D:13     | Reached **** piety under Sif Muna
 13483 | D:13     | Noticed Jorgrun
 13771 | Lair:1   | Entered Level 1 of the Lair of Beasts
 13931 | Lair:1   | Noticed Gastronok
 13960 | Lair:1   | Killed Gastronok
 13961 | Lair:1   | Reached skill level 1 in Shields
 14628 | Lair:1   | Noticed a four-headed hydra
 14803 | Lair:1   | Noticed Joseph
 14803 | Lair:1   | Noticed a seven-headed hydra
 14996 | Lair:1   | Reached skill level 5 in Dodging
 15072 | Lair:1   | Noticed Jeremiah
 15107 | Lair:1   | Killed Jeremiah
 15223 | Lair:1   | Killed Joseph
 15447 | Lair:1   | Killed a four-headed hydra
 15448 | Lair:1   | Reached skill level 1 in Invocations
 15544 | Lair:2   | Found a staircase to the Swamp.
 15948 | Lair:1   | Killed a seven-headed hydra
 16865 | Lair:2   | Got the Quarto of the Mortuary Birds
 16956 | Lair:3   | Reached XP level 13. HP: 113/113 MP: 25/27
 17057 | Lair:3   | Reached ***** piety under Sif Muna
 17129 | Lair:3   | Noticed Sonja
 17138 | Lair:3   | Killed Sonja
 17139 | Lair:3   | Reached skill level 5 in Stealth
 17139 | Lair:3   | Reached skill level 5 in Invocations
 17253 | Lair:3   | Found a hole to the Spider Nest.
 18475 | Lair:4   | Noticed CougarLife's ghost (journeyman TrFi)
 18475 | Lair:4   | Found a transporter.
 18475 | Lair:4   | Found a transporter.
 19913 | Lair:4   | Noticed Urug
 19941 | Lair:4   | Killed Urug
 20384 | Lair:5   | Entered Level 5 of the Lair of Beasts
 21144 | Lair:4   | Received a gift from Sif Muna
 21146 | Lair:4   | Reached XP level 14. HP: 114/124 MP: 12/28
 21149 | Lair:4   | Found a runed translucent door.
 21152 | Lair:4   | Got Naceawoh's Vellum of Toxic Enchantment {god gift}
 21740 | Lair:5   | Learned a level 5 spell: Irradiate
 21746 | Lair:5   | Learned a level 5 spell: Fireball
 21790 | Lair:5   | Noticed Rupert
 21807 | Lair:5   | Paralysed by Rupert for 2 turns
 21811 | Lair:5   | Killed Rupert
 21973 | Lair:5   | Identified the +0 leather armour of Ilink {rCorr Slay+2}
 22024 | Lair:5   | Reached skill level 10 in Dodging
 22569 | Lair:5   | Found a viscous altar of Jiyva.
 22569 | Lair:5   | Found a staircase to the Slime Pits.
 23389 | Orc:1    | Entered Level 1 of the Orcish Mines
 23503 | Orc:1    | Found Wumpias's Magic Scroll Shop.
 23532 | Orc:1    | Bought a scroll of teleportation for 45 gold pieces
 23786 | Orc:2    | Entered Level 2 of the Orcish Mines
 23786 | Orc:2    | Found a staircase to the Elven Halls.
 23878 | Orc:2    | Noticed Blork the orc
 23905 | Orc:2    | Found a dark tunnel.
 23970 | Volcano  | Entered a volcano
 24013 | Volcano  | Reached skill level 5 in Fire Magic
 24067 | Volcano  | Received a gift from Sif Muna
 24072 | Volcano  | Got Sif Muna's Tome of Mortuary Arson {god gift}
 24293 | Volcano  | Identified the dragon-blood talisman of Intuition {rC-
                  | Str-2 Dex+8 SInv}
 24451 | Orc:1    | You fall into a shaft and drop 1 floor!
 24463 | Orc:2    | Reached skill level 10 in Invocations
 24948 | Orc:2    | Killed Blork the orc
 25020 | Orc:2    | Paralysed by an ogre mage for 4 turns
 25181 | Orc:2    | Reached XP level 15. HP: 103/133 MP: 24/29
 25306 | Orc:2    | Found Ziletudgh's General Store.
 25306 | Orc:2    | Found Xoasiups's Assorted Antiques.
 25317 | Orc:2    | Paralysed by an ogre mage for 5 turns
 25322 | Orc:2    | Found Qoutapp's Magic Scroll Emporium.
 25322 | Orc:2    | Found Taarif's Distillery.
 25418 | Orc:2    | Bought a scroll of teleportation for 45 gold pieces
 25418 | Orc:2    | Bought a scroll of fog for 60 gold pieces
 25419 | Orc:2    | Bought a potion of curing for 42 gold pieces
 25419 | Orc:2    | Bought a potion of curing for 42 gold pieces
 25419 | Orc:2    | Bought a potion of curing for 42 gold pieces
 25419 | Orc:2    | Bought a potion of haste for 140 gold pieces
 25419 | Orc:2    | Bought a potion of heal wounds for 70 gold pieces
 25419 | Orc:2    | Bought a potion of heal wounds for 70 gold pieces
 25419 | Orc:2    | Bought 2 potions of resistance for 280 gold pieces
 25420 | Orc:2    | Bought a potion of haste for 180 gold pieces
 25588 | Orc:2    | Received a gift from Sif Muna
 25593 | Orc:2    | Got Sif Muna's Monograph on the Mortuary and Leadership
                  | {god gift}
 26006 | Elf:1    | Entered Level 1 of the Elven Halls
 26788 | D:13     | Killed Jorgrun
 27007 | D:13     | Noticed Nessos
 27015 | D:13     | Killed Nessos
 27202 | D:13     | Found Bischiusk's Neck Hole.
 27210 | D:13     | Bought a +0 cloak of poison resistance for 93 gold pieces
 27210 | D:13     | Bought an amulet of faith for 440 gold pieces
 27345 | Orc:1    | Bought a scroll of enchant armour for 112 gold pieces
 27393 | Orc:2    | Bought a scroll of enchant armour for 112 gold pieces
 27830 | D:14     | Noticed Louise
 28169 | D:14     | Found a basalt altar of Yredelemnul.
 29048 | D:14     | Killed Louise
 29273 | D:14     | Found a gate to the Vaults.
 29748 | D:14     | Received a gift from Sif Muna
 30609 | D:14     | Found a shimmering blue altar of Sif Muna.
 30725 | D:15     | Entered Level 15 of the Dungeon
 30740 | D:15     | Found a radiant altar of Vehumet.
 30845 | D:15     | Reached skill level 11 in Spellcasting
 31725 | D:15     | Found a staircase to the Depths.
 32701 | Depths:1 | Entered Level 1 of the Depths
 33083 | Swamp:1  | Entered Level 1 of the Swamp
 33220 | Lair:2   | Reached skill level 10 in Conjurations
 33516 | Swamp:1  | Learned a level 2 spell: Blink
 34008 | Swamp:1  | Reached skill level 12 in Spellcasting
 34008 | Swamp:1  | Reached XP level 16. HP: 105/139 MP: 2/32
 34015 | Swamp:1  | Received a gift from Sif Muna
 35199 | Swamp:2  | Reached skill level 13 in Spellcasting
 36124 | Swamp:3  | Learned a level 6 spell: Starburst
 36247 | Swamp:3  | Noticed a tentacled monstrosity
 36986 | Swamp:3  | Killed a tentacled monstrosity
 36987 | Swamp:3  | Reached skill level 14 in Spellcasting
 37257 | Swamp:4  | Entered Level 4 of the Swamp
 37655 | Swamp:4  | Received a gift from Sif Muna
 37658 | Swamp:4  | Got Esak Loedd's Elucidation of Ignition and Conflict {god
                  | gift}
 37745 | Swamp:4  | Noticed a thorn hunter
 37752 | Swamp:4  | Killed a thorn hunter
 38982 | Swamp:4  | Reached skill level 15 in Spellcasting
 39519 | Swamp:4  | Noticed a thorn hunter
 39524 | Swamp:4  | Killed a thorn hunter
 39674 | Swamp:4  | Noticed a tentacled monstrosity
 39689 | Swamp:4  | Killed a tentacled monstrosity
 40248 | Swamp:4  | Reached skill level 16 in Spellcasting
 40248 | Swamp:4  | Reached XP level 17. HP: 80/146 MP: 3/37
 40263 | Swamp:4  | Noticed a tentacled monstrosity
 40521 | Swamp:4  | Paralysed by a fenstrider witch for 2 turns
 40831 | Swamp:4  | Paralysed by an orc sorcerer for 3 turns
 40837 | Swamp:4  | Paralysed by an orc sorcerer for 3 turns
 41164 | Swamp:4  | Got a decaying rune of Zot
 41254 | Swamp:4  | Killed a tentacled monstrosity
 41492 | Spider:1 | Entered Level 1 of the Spider Nest
 42216 | Spider:1 | Reached skill level 17 in Spellcasting
 42381 | Spider:1 | Received a gift from Sif Muna
 42384 | Spider:1 | Got Sif Muna's Tome of Phantasms and the Elixir {god gift}
 43854 | Spider:2 | Noticed Arachne
 43870 | Spider:2 | Killed Arachne
 44602 | Spider:2 | Reached skill level 18 in Spellcasting
 45982 | Spider:3 | Received a gift from Sif Muna
 46100 | Spider:3 | Noticed Azrael
 46116 | Spider:3 | Killed Azrael
 47375 | Spider:4 | Entered Level 4 of the Spider Nest
 47546 | Spider:4 | Reached XP level 18. HP: 150/154 MP: 5/40
 47548 | Spider:4 | Reached ****** piety under Sif Muna
 47553 | Spider:4 | Found the +9 sword of Power {lifebolt}
 47738 | Spider:4 | Received a gift from Sif Muna
 48123 | Spider:4 | Learned a level 6 spell: Plasma Beam
 49033 | Spider:4 | Gained mutation: Your spells are a little easier to cast,
                  | but a little less powerful. [mutagenic glow]
 50164 | Spider:4 | Got a gossamer rune of Zot
 50979 | D:4      | Bought the ring "Luaxaotyts" {rC+ MP+9 Slay+3} for 762 gold
                  | pieces
 51264 | Elf:1    | Found Gerrux's Magic Scroll Boutique.
 51272 | Elf:1    | Bought 3 scrolls of teleportation for 108 gold pieces
 51272 | Elf:1    | Bought a scroll of enchant armour for 90 gold pieces
 51309 | Elf:1    | Received a gift from Sif Muna
 51442 | Elf:1    | Noticed a Hell Sentinel
 51445 | Elf:1    | Noticed an Ice Fiend
 51996 | Elf:1    | Reached skill level 10 in Fire Magic
 52755 | Elf:1    | Reached skill level 19 in Spellcasting
 53553 | Elf:2    | Found a shimmering blue altar of Sif Muna.
 53980 | Elf:2    | Noticed Roxanne
 54019 | Elf:2    | Reached skill level 5 in Air Magic
 54240 | Elf:2    | Received a gift from Sif Muna
 54241 | Elf:2    | Got Sif Muna's Almanac of the Mesa and Hoarfrost {god gift}
 54363 | Elf:3    | Entered Level 3 of the Elven Halls
 54418 | Elf:3    | Paralysed by an air elemental for 1 turns
 54774 | Elf:3    | Identified the scarf of the Jackalope {harm, rElec Int+3
                  | Dex-5}
 55366 | Elf:3    | Found a radiant altar of Vehumet.
 55626 | Elf:3    | Gained mutation: You are occasionally teleported next to
                  | monsters. [mutagenic glow]
 55779 | Elf:3    | Lost mutation: You are occasionally teleported next to
                  | monsters. [potion of mutation]
 55779 | Elf:3    | Lost mutation: Your spells are a little easier to cast, but
                  | a little less powerful. [potion of mutation]
 55779 | Elf:3    | Gained mutation: You are frail. (-10% HP) [potion of
                  | mutation]
 55779 | Elf:3    | Gained mutation: You expend magic power (3 MP) to
                  | strengthen your wands. [potion of mutation]
 56034 | Elf:3    | Reached XP level 19. HP: 129/146 MP: 33/42
 56185 | Abyss:3  | Cast into level 3 of the Abyss (a ghostly deep elf
                  | demonologist)
 56496 | Abyss:3  | Noticed a bone dragon
 56562 | Abyss:3  | Gained mutation: Your body sometimes deteriorates upon
                  | taking damage. [mutagenic glow]
 56596 | Abyss:3  | Gained mutation: Your magical capacity is low. (-10% MP)
                  | [mutagenic glow]
 56813 | Abyss:3  | Found a corrupted altar of Lugonu.
 56869 | Abyss:3  | Found a corrupted altar of Lugonu.
 57201 | Abyss:3  | Noticed a dread lich
 57242 | Abyss:3  | Found a corrupted altar of Lugonu.
 57278 | Elf:3    | Escaped the Abyss
 57915 | Vaults:1 | Entered Level 1 of the Vaults
 58334 | Vaults:1 | Lost mutation: You are frail. (-10% HP) [potion of
                  | mutation]
 58334 | Vaults:1 | Lost mutation: Your body sometimes deteriorates upon taking
                  | damage. [potion of mutation]
 58334 | Vaults:1 | Lost mutation: Your magical capacity is low. (-10% MP)
                  | [potion of mutation]
 58334 | Vaults:1 | Gained mutation: You have hidden genetic potential. [potion
                  | of mutation]
 58334 | Vaults:1 | Gained mutation: You are frail. (-10% HP) [potion of
                  | mutation]
 58334 | Vaults:1 | Gained mutation: You have an increased reservoir of magic.
                  | (+10% MP) [potion of mutation]
 59609 | Vaults:1 | Received a gift from Sif Muna
 60181 | Vaults:1 | Got Sif Muna's Incunable of Amorphous Blasts {god gift}
 60403 | Vaults:1 | Found Tatukh's General Store.
 60411 | Vaults:1 | Bought a scroll of teleportation for 63 gold pieces
 60411 | Vaults:1 | Bought a scroll of teleportation for 63 gold pieces
 61984 | Vaults:2 | Gained mutation: Your health recovers twice as slowly from
                  | being drained. [mutagenic glow]
 61993 | Vaults:2 | HP: 5/152 [ironbound thunderhulk/bolt of lightning (11)]
 61999 | Vaults:2 | Gained mutation: Potions are less effective at restoring
                  | your health. [mutagenic glow]
 62304 | Vaults:2 | Lost mutation: You are frail. (-10% HP) [potion of
                  | mutation]
 62304 | Vaults:2 | Lost mutation: You expend magic power (3 MP) to strengthen
                  | your wands. [potion of mutation]
 62304 | Vaults:2 | Gained mutation: You are frail. (-10% HP) [potion of
                  | mutation]
 62304 | Vaults:2 | Gained mutation: You have a pair of small antennae on your
                  | head. [potion of mutation]
 62305 | Vaults:2 | Lost mutation: Potions are less effective at restoring your
                  | health. [potion of mutation]
 62305 | Vaults:2 | Lost mutation: You have hidden genetic potential. [potion
                  | of mutation]
 62305 | Vaults:2 | Gained mutation: Your flesh is cold resistant. (rC+)
                  | [potion of mutation]
 62305 | Vaults:2 | Gained mutation: You have hidden genetic defects. [potion
                  | of mutation]
 62305 | Vaults:2 | Gained mutation: You are very frail. (-20% HP) [potion of
                  | mutation]
 62306 | Vaults:2 | Lost mutation: Your health recovers twice as slowly from
                  | being drained. [potion of mutation]
 62306 | Vaults:2 | Lost mutation: You have an increased reservoir of magic.
                  | (+10% MP) [potion of mutation]
 62306 | Vaults:2 | Gained mutation: Your system is resistant to poisons.
                  | (rPois) [potion of mutation]
 63358 | Vaults:2 | Received a gift from Sif Muna
 63359 | Vaults:2 | Reached skill level 15 in Fighting
 63360 | Vaults:2 | Got Sif Muna's Last Testimony of Boris {god gift}
 63630 | Orc:2    | Bought a potion of mutation for 112 gold pieces
 64960 | Vaults:2 | Reached XP level 20. HP: 142/142 MP: 30/43
 65141 | Vaults:2 | Gained mutation: You are clumsy. (Dex -2) [hidden defects]
 67136 | Vaults:3 | Found a staircase to the Crypt.
 67516 | Vaults:4 | Noticed Margery
 68006 | Vaults:4 | Found a magical portal.
 68015 | WizLab   | Entered Cigotuvi's Fleshworks
 68017 | WizLab   | Received a gift from Sif Muna
 68018 | WizLab   | Got Sif Muna's Dissertation on Blasted Assembling {god
                  | gift}
 68102 | WizLab   | Gained mutation: You occasionally lose the ability to read
                  | scrolls when taking damage. [hidden defects]
 68102 | WizLab   | Lost mutation: You have hidden genetic defects. [hidden
                  | defects expressed]
 68103 | WizLab   | Lost mutation: You occasionally lose the ability to read
                  | scrolls when taking damage. [potion of mutation]
 68103 | WizLab   | Lost mutation: You have a pair of small antennae on your
                  | head. [potion of mutation]
 68103 | WizLab   | Lost mutation: Your system is resistant to poisons. (rPois)
                  | [potion of mutation]
 68103 | WizLab   | Gained mutation: You possess an exceptional clarity of
                  | mind. [potion of mutation]
 68757 | Vaults:4 | Reached skill level 20 in Spellcasting
 68857 | Vaults:4 | Noticed Bai Suzhen
 68905 | Vaults:4 | Paralysed by a formless jellyfish for 1 turns
 68980 | Vaults:4 | HP: 4/144 [centaur warrior/arrow (10)]
 68982 | Vaults:4 | Shot with an arrow by a centaur warrior

Illustrated notes

Levels and vault maps discovered:
D:1:      scummos_arrival_simple_fountains, layout_loops_ring
D:2:      layout_rooms, minmay_mini_jars, uniq_sigmund
D:3:      layout_loops_ring, minmay_door_square
D:4:      cheibrodos_old_hovel, layout_gridville, evilmike_ruin_ashenzari,
          mainiacjoe_ossuary_entry_find_the_door, nicolae_take_the_stairs,
          minivault_27, hangedman_abyss_or_decor_lesser_grid
D:5:      layout_loops_ring, minmay_temple_entry_statues, serial_library,
          serial_library_hellmonk_secret_room, serial_library_hellmonk_room_b,
          serial_library_hellmonk_h_bend, serial_library_hellmonk_octagon
D:6:      layout_cave_pools
D:7:      layout_loops_ring, lemuel_doored_altar, mainiacjoe_overflow_brackets
D:8:      layout_basic, mainiacjoe_overflow_boulevard,
          mainiacjoe_overflow_surrounded_room, david_lair_shrubbed,
          serial_rivers, chequers_serial_rivers_micro_e,
          chequers_serial_rivers_micro_c, chequers_serial_rivers_micro_d,
          chequers_serial_rivers_micro_d, grunt_ministairs_13
D:9:      layout_cave_pods, erik_orc_4
D:10:     layout_loops_ring, nicolae_ru_sacrificial_ziggurat,
          lemuel_round_altar, serial_ice, serial_ice_e, serial_ice_b,
          serial_ice_f, serial_ice_j
D:11:     layout_gridville
D:12:     layout_stronghold, serial_shops, shop, bh_hangedman_babel_library
D:13:     lemuel_ice_spiral_2, layout_basic, nicolae_shop_sticking_my_neck_out,
          uniq_nessos, uniq_jorgrun
D:14:     layout_big_octagon, skrybe_vaults_entry_preservation, serial_undead,
          serial_undead_a, serial_undead_b, serial_undead_f, serial_undead_e,
          lemuel_blue_sif_altar, yredelemnul_forgotten_temple_becter,
          uniq_louise
D:15:     hangedman_depths_entry_civil_slaughter, layout_basic, fountainhead,
          fiery_altar_vehumet
Temple:   bh_familiar_temple
Lair:1:   layout_roguey, minmay_shattered_shrine, uniq_jeremiah, uniq_joseph,
          uniq_gastronok
Lair:2:   layout_big_grid, minmay_swamp_entry_reptiles,
          infiniplex_staircase_pool_2
Lair:3:   layout_regular_city, hellmonk_spider_entry_life_and_decay,
          disabler_island, uniq_sonja
Lair:4:   gammafunk_mikee_crab_dinner, layout_layer_cave, gammafunk_ghost_arena,
          serial_bayou_pond_d, uniq_urug
Lair:5:   minmay_lair_end_frog_pond, layout_regular_city, slime_entry_1,
          serial_bayou_shore_a, uniq_rupert
Swamp:1:  layout_basic_swamp, nicolae_swamp_small_spring, swamp_pool_3,
          nicolae_swamp_vermiculated
Swamp:2:  layout_falls_marsh, evilmike_swamp_ruin_house_1, swamp_pool_5
Swamp:3:  layout_basic_swamp, evilmike_swamp_ruin_rubble_1, swamp_pool_1_2
Swamp:4:  nzn_swamp_witches_coven, layout_basic_swamp, beargit_elvish_explorers
Spider:1: layout_spider_delve, portal_ice_cave_entry_ugly_swarm
Spider:2: layout_cave_pods, uniq_arachne
Spider:3: layout_chambers, hangedman_spider_tarantella_strand, uniq_azrael
Spider:4: guppyfry_spider_rune, nicolae_spider_baby_got_redback
Orc:1:    layout_caves, serial_shops, nicolae_shop_trees
Orc:2:    st_orc_ogre_mass, layout_diamond_mine,
          nicolae_volcano_entry_two_sided, hangedman_minor_magic
Elf:1:    elf_arrival_002, layout_loops_corners, serial_shops, shop,
          minmay_elf_sorcery, amcnicky_mini_pool_small
Elf:2:    nicolae_elf_blades_splatter_lattice [nicolae_blade_bullseye],
          layout_geoelf_grid, amcnicky_mini_rare_corridor_liquid, drop_trap,
          david_defended_altar_elf, lemuel_upstairs_altar, uniq_roxanne,
          uniq_nikola
Elf:3:    minmay_elf_hall_curves, layout_loops_corners, basic_altar
Vaults:1: nicolae_vaults_tetromino_Z_2, nicolae_vaults_storage_closets_2,
          nicolae_vaults_double_plus_2, ontoclasm_vaults_gateway, v_misc_2,
          nicolae_vaults_asterisk, vaults_dpeg_emergency_exit,
          vaults_room_stairs_pillars, layout_vaults_maze_snakey, serial_shops,
          shop
Vaults:2: ontoclasm_vaults_claustrophobia, nicolae_vaults_tetromino_Z_2,
          nicolae_vaults_ring_of_whatevers, v_misc_30, grunt_vaults_trifunnel,
          grunt_vaults_funnel, vaults_dpeg_spiral, nicolae_vaults_theta,
          st_cells, v_rooms_2, nicolae_vaults_tetromino_Z_1,
          layout_vaults_omnigrid
Vaults:3: blue_anna_dwarven_crypt, nicolae_vaults_double_plus_2,
          vaults_dpeg_cross, nicolae_vaults_steering_wheel,
          nicolae_vaults_oval_intersection, hangedman_vaults_snaps,
          ontoclasm_vaults_shuriken, v_misc_10, vaults_dpeg_encased_lava,
          layout_vaults_chaotic_city
Vaults:4: mu_enter_wizlab_5, nicolae_vaults_angled_halls,
          nicolae_vaults_corridor_and_loot_room, nicolae_vaults_prndl,
          hangedman_vaults_trim, vaults_mumra_hexcomb,
          nicolae_vaults_stairing_the_circle, nicolae_vaults_circle_grid_a,
          nicolae_vaults_diamond_1, nicolae_vaults_turnstiles,
          nicolae_vaults_ninety_degrees, nicolae_vaults_diamond_2,
          layout_vaults_ring, uniq_mara, uniq_margery, uniq_bai_suzhen
Depths:1: layout_cave_pools, lemuel_round_altar, abyss_entry,
          grunt_mini_vestibule, nrook_campfire, nicolae_diode_intersection

Skill      XL: |  1  2  3  4  5  6  7  8  9 10 11 12 13 14 15 16 17 18 19 20 |
---------------+-------------------------------------------------------------+-----
Conjurations   | 2 3 4 5 6 7 10 11 | 11.3
Alchemy        | 4 5 6 7 9 10 12 | 12.0
Spellcasting   | 3 4 5 6 8 10 12 16 18 19 20 | 20.0
Fighting       | 5 7 9 10 11 12 13 15 | 15.7
Fire Magic     | 3 6 8 11 13 14 | 14.2
Hexes          | 2 3 |  3.0
Dodging        | 3 7 9 10 11 | 11.0
Air Magic      | 2 6 8 |  8.0
Shields        | 4 |  4.0
Stealth        | 4 6 |  6.0
Invocations    | 4 8 10 12 13 14 | 14.3

Action                     |  1- 3 |  4- 6 |  7- 9 | 10-12 | 13-15 | 16-18 | 19-21 || total
---------------------------+-------+-------+-------+-------+-------+-------+-------++-------
  Melee: Unarmed           |     5 |       |       |       |       |       |       ||     5
         Tailslap          |     2 |    22 |    32 |    37 |    85 |    71 |    28 ||   277
         Flail             |     5 |       |       |       |       |       |       ||     5
         Short sword       |     3 |    93 |       |    16 |       |       |       ||   112
         Rapier            |       |    31 |   155 |    37 |       |       |       ||   223
         Punch             |       |     2 |     3 |     1 |       |       |       ||     6
         Dagger            |       |       |       |   126 |   344 |   361 |    90 ||   921
         Staff             |       |       |       |       |       |     1 |       ||     1
   Cast: Sting             |    50 |    55 |    89 |    26 |     6 |     1 |       ||   227
         Mephitic Cloud    |     1 |    12 |    22 |    41 |    52 |    27 |    19 ||   174
         Mercury Vapours   |       |     1 |     5 |     2 |     1 |       |       ||     9
         Sticky Flame      |       |       |    13 |    70 |   149 |   204 |    76 ||   512
         Olgreb's Toxic Ra |       |       |    13 |   139 |   346 |   320 |    62 ||   880
         Apportation       |       |       |       |       |    10 |     1 |       ||    11
         Swiftness         |       |       |       |       |     1 |       |       ||     1
         Fireball          |       |       |       |       |    67 |    49 |       ||   116
         Irradiate         |       |       |       |       |    25 |   167 |    74 ||   266
         Yara's Violent Un |       |       |       |       |    12 |    46 |    14 ||    72
         Starburst         |       |       |       |       |       |    13 |    52 ||    65
         Blink             |       |       |       |       |       |     3 |     2 ||     5
         Plasma Beam       |       |       |       |       |       |     1 |   165 ||   166
 Invoke: Channel Magic     |       |       |       |       |       |     5 |     9 ||    14
Ability: Breathe Fire      |       |       |       |     9 |     6 |       |     2 ||    17
  Evoke: Wand              |       |       |     1 |     3 |     4 |    10 |     3 ||    21
         Condenser vane    |       |       |       |     1 |     3 |       |       ||     4
    Use: Scroll            |       |       |    16 |    14 |     7 |    16 |    17 ||    70
         Potion            |       |       |       |     2 |     6 |    18 |    19 ||    45
   Stab: Confused          |       |     2 |     1 |     2 |     1 |     1 |     2 ||     9
         Sleeping          |       |       |     3 |     1 |       |     2 |     1 ||     7
         Invisible         |       |       |       |       |     3 |       |       ||     3
         Distracted        |       |       |       |       |       |     1 |       ||     1
 Armour: Skin              |    12 |   110 |   102 |   210 |   447 |   875 |   364 ||  2120
  Dodge: Dodged            |    15 |   103 |    96 |   163 |   351 |   558 |   230 ||  1516
  Block: Buckler           |       |       |       |    26 |   128 |   178 |    81 ||   413
